 Dungeon Crawl Stone Soup version 0.31-a0-675-g238779eb0a (webtiles) character file.

Game seed: 18100539286906206869

70 Xavori the Slasher (level 4, 24/35 HPs)
             Began as a Demonspawn Chaos Knight on Sept 5, 2023.
             Was a Plaything of Xom.
             Quit the game on level 2 of the Dungeon.
             The game lasted 00:01:04 (5605 turns).

Xavori the Slasher (Demonspawn Chaos Knight)        Turns: 5605, Time: 00:01:05

Health: 24/35      AC:  5    Str: 11    XL:     4   Next: 4%
Magic:  4/4        EV: 11    Int: 15    God:    Xom [.....*]
Gold:   95         SH:  0    Dex: 20    Spells: 3/3 levels left

rFire   . . .        a - +0 falchion (chaos)
rCold   . . .        (no shield)
rNeg    . . .        b - +2 leather armour
rPois   .            (helmet restricted)
rElec   .            (no cloak)
rCorr   .            (no gloves)
SInv    .            (no boots)
Will    +....        (no amulet)
Stlth   ++           (no ring)
HPRegen 0.25/turn    (no ring)
MPRegen 0.09/turn

%: no passive effects
@: mildly poisoned (24 -> 21)
A: antennae 1, spiny 1, agile 2, clever 1, high MP 1, strong-willed 1, sense
surroundings 1, screaming 1, evolution 1, no potion heal 1, inability to drink
after injury 1, noise suppression
a: Renounce Religion


You were on level 2 of the Dungeon.
You worshipped Xom.
You were Xom's teddy bear.
You visited 1 branch of the dungeon, and saw 2 of its levels.

You collected 95 gold pieces.

Inventory:

Hand Weapons
 a - a +0 falchion of chaos (weapon)
Armour
 b - a +2 leather armour (worn)
Scrolls
 c - a scroll of butterflies
 d - 2 scrolls of noise {unknown}
 e - a scroll of enchant weapon {unknown}
 g - a scroll of amnesia {unknown}
 i - a scroll of immolation {unknown}
Potions
 f - a potion of lignification {unknown}
 h - a potion of cancellation {unknown}


   Skills:
 + Level 3.3 Fighting
 + Level 3.6 Long Blades
 + Level 2.4 Armour
 + Level 1.2 Dodging
 + Level 0.5 Stealth


You had 3 spell levels left.
You didn't know any spells.
Your spell library contained the following spells:

 Spells                   Type           Power      Damage    Failure   Level
 Inner Flame              Hex/Fire       0%         N/A       71%         3
 Flame Wave               Conj/Fire      0%         2d4       98%         4
 Sticky Flame             Conj/Fire      0%         2d3       98%         4


Dungeon Overview and Level Annotations

Branches:
Dungeon (2/15)

Altars:
Xom


Innate Abilities, Weirdness & Mutations

You have a pair of small antennae on your head.
You are partially covered in sharp spines.
You are very agile. (Dex +8, Str/Int -2)
Your mind is acute. (Int +4, Str/Dex -1)
You have an increased reservoir of magic. (+10% MP)
You are strong-willed. (Will+)
You passively map a small area around you.
You occasionally shout uncontrollably at your foes.
You have hidden genetic potential.
Potions are less effective at restoring your health.
You occasionally lose the ability to drink potions when taking damage.
You passively dampen the noise of your surroundings.


Message History

A dart slug is nearby!
The helpless dart slug fails to defend itself.
You hit the dart slug.
Lightning courses through the dart slug!
You kill the dart slug!
An adder comes into view.
The adder hisses angrily.
Found 9 gold pieces.
An adder is nearby!
Found a stone staircase leading up.
An adder is nearby!
You hit the adder but do no damage. The adder bites you. x2
You are poisoned.
The adder poisons you!
An adder is nearby!
You hit the adder. You drain the adder.
The adder is heavily wounded.
You feel sick. The adder barely misses you.
An adder is nearby!
You miss the adder.
The adder is heavily wounded.
You feel sick. The adder closely misses you.
An adder is nearby!
You barely miss the adder.
The adder is heavily wounded.
You feel sick. The adder bites you. x2
You are more poisoned.
The adder poisons you!
You completely miss the adder.
The adder is heavily wounded.
You feel sick. The adder is struck by your spines.
The adder closely misses you.
An adder is nearby!
You slash the adder!
You kill the adder!
You feel sick.
You have reached level 4!
You feel agile.
Your demonic ancestry asserts itself...
A pair of antennae grows on your head!
Are you sure you want to abandon this character and quit the game? (Confirm with "yes".)

#.........# ##..#
#.###.##### #..#
#.# #.# #..# ..#
#.# #..#
..###.##########..#
..................#
....#.##########.##
......# #.#
#...######### #@#
.........)..# #.#
...########.# #.#
..........#.# #.#
#.#.......#.# #.#
..#.#.##..#.# #.#
..#.#.##..#.# #$#
..#.#.....#.# #<#
..#.#.###(#.# *


There were no monsters in sight!

Vanquished Creatures
  Natasha (D:2)
  An adder (D:2)
  3 dart slugs
  2 bats (D:1)
  An endoplasm (D:2)
  2 giant cockroaches (D:1)
  4 goblins (D:1)
  A hobgoblin (D:1)
  2 quokkas (D:1)
  3 ball pythons (D:1)
  A frilled lizard (D:2)
  7 kobolds
  3 rats (D:1)
31 creatures vanquished.

Notes
Turn   | Place    | Note
-------+----------+-------------------------------------------
     0 | D:1      | Xavori the Demonspawn Chaos Knight began the quest for the
                  | Orb.
     0 | D:1      | Reached XP level 1. HP: 18/18 MP: 1/1
    66 | D:1      | XOM: divination: magic mapping
   107 | D:1      | XOM: cloud trail
   293 | D:1      | XOM: divination: magic mapping
   321 | D:1      | Gained mutation: You are partially covered in sharp spines.
                  | [demonic ancestry]
   321 | D:1      | Reached XP level 2. HP: 24/24 MP: 2/2
   803 | D:1      | Reached skill level 1 in Dodging
   844 | D:1      | XOM: cloud trail
  1039 | D:1      | XOM: give mutation
  1039 | D:1      | Gained mutation: You are robust. (+10% HP) [Xom's mischief]
  1117 | D:1      | Reached XP level 3. HP: 23/31 MP: 3/3
  1123 | D:1      | XOM: torment (14/31 hp)
  1618 | D:1      | XOM: give mutations
  1618 | D:1      | Gained mutation: You occasionally shout uncontrollably at
                  | your foes. [Xom's mischief]
  1618 | D:1      | Gained mutation: Your magical capacity is low. (-10% MP)
                  | [Xom's mischief]
  1618 | D:1      | Gained mutation: Your spells are a little easier to cast,
                  | but a little less powerful. [Xom's mischief]
  2606 | D:1      | XOM: stat loss: -1 Int (12/13)
  2796 | D:1      | XOM: summons 2 hostile demons
  3720 | D:1      | XOM is BORED!
  3720 | D:1      | XOM: give mutations
  3720 | D:1      | Gained mutation: Potions are less effective at restoring
                  | your health. [Xom's mischief]
  3720 | D:1      | Lost mutation: You are robust. (+10% HP) [Xom's mischief]
  3720 | D:1      | Gained mutation: You occasionally lose the ability to drink
                  | potions when taking damage. [Xom's mischief]
  3720 | D:1      | Gained mutation: You are weak. (Str -2) [Xom's mischief]
  4128 | D:1      | XOM: scenery: create altars
  4890 | D:1      | XOM: scenery: create altars
  4946 | D:1      | XOM: give mutations
  4946 | D:1      | Gained mutation: You are strong-willed. (Will+) [Xom's
                  | grace]
  4946 | D:1      | Gained mutation: You are agile. (Dex +4, Str/Int -1) [Xom's
                  | grace]
  4968 | D:1      | XOM: give mutations
  4968 | D:1      | Lost mutation: Your magical capacity is low. (-10% MP)
                  | [Xom's grace]
  4968 | D:1      | Gained mutation: You have an increased reservoir of magic.
                  | (+10% MP) [Xom's grace]
  4968 | D:1      | Lost mutation: You are weak. (Str -2) [Xom's grace]
  4968 | D:1      | Gained mutation: You passively map a small area around you.
                  | [Xom's grace]
  5205 | D:1      | XOM: give mutation
  5205 | D:1      | Lost mutation: Your spells are a little easier to cast, but
                  | a little less powerful. [Xom's grace]
  5224 | D:1      | XOM: give mutations
  5224 | D:1      | Gained mutation: You have hidden genetic potential. [Xom's
                  | grace]
  5224 | D:1      | Gained mutation: You are very agile. (Dex +8, Str/Int -2)
                  | [Xom's grace]
  5235 | D:2      | Noticed Natasha
  5238 | D:2      | XOM: potion effect (brilliance)
  5243 | D:2      | XOM: enchant monster (good)
  5248 | D:2      | Killed Natasha
  5313 | D:2      | XOM: give mutations
  5313 | D:2      | Gained mutation: Your mind is acute. (Int +4, Str/Dex -1)
                  | [Xom's grace]
  5313 | D:2      | Gained mutation: You passively dampen the noise of your
                  | surroundings. [Xom's grace]
  5605 | D:2      | Gained mutation: You have a pair of small antennae on your
                  | head. [demonic ancestry]
  5605 | D:2      | Reached XP level 4. HP: 24/35 MP: 4/4
  5605 | D:2      | Quit the game

Illustrated notes

Levels and vault maps discovered:
D:1:      mushboom_english_gardens, layout_basic
D:2:      cheibrodos_greedy_goblins, layout_basic, serial_park_tiny_2,
          uniq_robin, uniq_natasha, uniq_jessica

Skill      XL: |  1  2 |
---------------+-------+-----
Long Blades    | 3 |  3.6
Armour         | 2 |  2.4
Dodging        | 1 |  1.2
Fighting       | |  3.3
Stealth        | |  0.5

Action                     |  1- 3 |  4- 6 || total
---------------------------+-------+-------++-------
  Melee: Falchion          |    80 |       ||    80
         Punch             |     1 |       ||     1
   Stab: Sleeping          |     1 |       ||     1
 Armour: Leather armour    |    50 |       ||    50
  Dodge: Dodged            |    48 |       ||    48

Table legend: (Time is in decaauts)
 A = Elapsed time spent in this place.
 B = Non-inter-level travel time spent in this place.
 C = Inter-level travel time spent in this place.
 D = Time resting spent in this place.
 E = Time spent auto-exploring this place.
 F = Levels seen in this place.
 G = Mean time per level.
                   A        B        C        D        E       F      G
               +--------+--------+--------+--------+--------+-----+--------+
         Total |   5617 |   5559 |     58 |   4341 |   1002 |   2 | 2808.5 |
       Dungeon |   5617 |   5559 |     58 |   4341 |   1002 |   2 | 2808.5 |
               +--------+--------+--------+--------+--------+-----+--------+

Top non-repeatable levels by time:
     D:1: 4831 daAuts
     D:2: 786 daAuts
